Map: [ESL] Alcyone

Players

Serral - Winner!

  • Race: Zerg Zerg
  • Spawn Location: 7:00

Maru

  • Race: Terran Terran
  • Spawn Location: 1:00

Event: IEM Katowice 2024

VOD

Have the link to the VOD?

Description

Time

  • Played on: Feb. 11, 2024, 2:07 p.m.
  • Length: 16:06

All games in this series

Show
View Real Time Build Order
Export as new Build Order

Serral Zerg - Winner!

Build Orders: Hatch First 

Get SALT Encoding   

  12  0:00  Drone  
  13  0:11  Overlord  
  13  0:17  Drone  
  14  0:30  Drone x2  
  16  0:47  Hatchery  
  15  0:50  Drone  
  15  0:54  Drone  
  17  0:57  Drone  
  18  1:07  Extractor  
  17  1:12  Spawning Pool  
  17  1:15  Drone  
  17  1:19  Drone  
  18  1:27  Drone  
  19  1:37  Drone  
  20  1:48  Drone  
  21  1:59  Queen x2  
  21  2:00  Zergling x4  
  27  2:07  Metabolic Boost  
  27  2:10  Overlord  
  27  2:11  Zergling x2  
  28  2:30  Spore Crawler  
  28  2:34  Zergling x4, Spore Crawler  
  27  2:38  Drone x2  
  27  2:43  Drone x2  
  31  2:47  Queen  
  33  2:53  Overlord  
  33  2:54  Drone  
  34  3:03  Overlord  
  34  3:07  Queen  
  35  3:15  Zergling x2  
  35  3:16  Drone x4  
  39  3:23  Drone x3  
  39  3:26  Drone  
  43  3:32  Drone x2  
  45  3:44  Hatchery  
  45  3:45  Drone x2  
  46  3:52  Queen  
  46  3:55  Overlord  
  48  3:58  Drone x2  
  48  4:01  Drone  
  51  4:03  Overlord  
  51  4:11  Overlord  
  51  4:13  Queen  
  51  4:14  Drone x2  
  51  4:16  Drone  
  56  4:23  Drone x3  
  59  4:25  Drone  
  59  4:30  Queen  
  62  4:32  Drone  
  62  4:33  Drone x3  
  66  4:40  Zergling x2  
  66  4:42  Overlord  
  67  4:50  Zergling x2  
  68  4:52  Queen  
  68  4:55  Drone x3  
  68  4:56  Drone  
  68  4:57  Queen  
  76  5:01  Drone x4  
  80  5:08  Lair  
  80  5:10  Extractor x2, Drone x3  
  80  5:13  Drone  
  82  5:19  Baneling Nest  
  82  5:20  Hatchery  
  80  5:21  Drone x2  
  82  5:28  Drone x3  
  82  5:32  Overlord  
  82  5:33  Drone, Queen  
  82  5:34  Drone  
  89  5:37  Drone  
  89  5:41  Extractor  
  89  5:42  Drone, Evolution Chamber  
  90  5:43  Overlord  
  90  5:44  Evolution Chamber  
  90  5:46  Zergling x4  
  90  5:50  Overlord  
  90  5:52  Zergling x6  
  90  5:55  Overlord  
  93  5:58  Zergling x4  
  93  5:59  Zergling x6  
  93  6:03  Baneling x4  
  93  6:04  Baneling x3  
  97  6:06  Centrifugal Hooks  
  97  6:09  Zergling x12  
  103  6:12  Baneling x4  
  103  6:14  Overlord  
  103  6:16  Zergling x2  
  103  6:17  Zergling x2  
  105  6:22  Zerg Melee Weapons Level 1  
  102  6:30  Zergling x4  
  102  6:31  Zergling x8  
  106  6:34  Queen x2  
  106  6:36  Queen  
  106  6:39  Overlord  
  108  6:40  Zergling x8  
  108  6:44  Zerg Ground Armor Level 1  
  112  6:50  Baneling x5  
  110  6:57  Zergling x20  
  115  7:01  Overlord  
  105  7:08  Zergling x2  
  105  7:09  Zergling x8  
  105  7:15  Zergling x4  
  107  7:18  Queen  
  107  7:21  Roach Warren  
  104  7:24  Baneling  
  104  7:26  Zergling x8  
  108  7:30  Baneling x5  
  108  7:31  Baneling x3  
  108  7:32  Queen x2  
  108  7:34  Zergling x6, Baneling  
  108  7:35  Baneling x3  
  115  7:41  Zergling x6  
  118  7:48  Zergling x18  
  111  8:00  Zergling x8  
  111  8:03  Drone  
  112  8:08  Roach x3  
  112  8:12  Hatchery  
  117  8:16  Roach x3  
  117  8:19  Roach x2  
  124  8:20  Roach x2  
  124  8:23  Drone  
  124  8:24  Baneling x5  
  115  8:28  Ravager  
  115  8:29  Ravager x2  
  115  8:33  Roach x4  
  123  8:45  Zergling x28  
  137  8:48  Baneling x7  
  137  8:54  Roach Warren  
  135  9:00  Drone x5  
  135  9:01  Hatchery  
  136  9:04  Zerg Missile Weapons Level 1  
  136  9:06  Drone x6  
  138  9:17  Zergling x10  
  138  9:20  Overlord x5  
  143  9:24  Zerg Melee Weapons Level 2  
  143  9:35  Glial Reconstitution  
  143  9:37  Hatchery  
  142  9:39  Baneling x5  
  142  9:40  Zergling x2  
  142  9:44  Zergling x8  
  142  9:45  Zergling x2  
  148  9:49  Zergling x10  
  151  10:00  Zergling x20  
  156  10:09  Zergling x16, Infestation Pit  
  159  10:17  Drone x4, Extractor x2  
  159  10:18  Drone x3  
  159  10:19  Drone x2  
  159  10:21  Drone  
  167  10:22  Baneling x2  
  167  10:27  Baneling  
  167  10:28  Overlord  
  167  10:30  Drone x2  
  167  10:34  Overlord  
  169  10:37  Drone x6  
  174  10:45  Spire  
  174  10:46  Extractor  
  174  10:47  Hive  
  174  10:49  Drone  
  173  10:50  Drone x2  
  173  10:55  Hatchery  
  173  10:58  Zerg Ground Armor Level 2  
  173  10:59  Spine Crawler  
  173  11:04  Drone x5  
  174  11:07  Drone x4  
  174  11:12  Drone x5, Hatchery  
  174  11:13  Drone  
  174  11:18  Overlord x2  
  177  11:23  Zergling x2  
  177  11:24  Zergling x10  
  183  11:26  Ravager x6  
  183  11:30  Ravager  
  183  11:31  Baneling, Ravager  
  183  11:32  Baneling x6  
  190  11:35  Zergling x10  
  195  11:43  Zergling x10  
  195  11:44  Zergling x8  
  197  11:50  Zergling x14  
  195  11:55  Burrow  
  195  11:58  Ravager  
  195  11:59  Ravager x2  
  195  12:00  Roach x4  
  187  12:11  Zergling x22  
  187  12:14  Zergling x20  
  186  12:20  Roach  
  186  12:21  Roach  
  170  12:24  Ravager  
  170  12:27  Drone x4  
  170  12:29  Zerg Missile Weapons Level 2  
  167  12:32  Zergling x16  
  167  12:37  Viper x2, Greater Spire  
  175  12:40  Ravager x3  
  175  12:43  Zergling x10, Baneling x4  
  180  12:51  Zergling x18  
  167  12:58  Zergling x18  
  167  13:01  Zergling x8  
  172  13:06  Zergling x12  
  172  13:09  Ravager x2  
  172  13:11  Roach x4  
  172  13:12  Zergling x2  
  183  13:17  Zerg Melee Weapons Level 3  
  183  13:23  Baneling x8  
  179  13:27  Zergling x2  
  179  13:28  Zergling x20  
  169  13:41  Zergling x32  
  169  13:47  Zergling x4, Roach x2  
  171  13:54  Zergling x8  
  154  14:03  Drone x7  
  154  14:04  Drone x7  
  154  14:09  Zergling x10  
  167  14:15  Zergling x6  
  169  14:20  Infestor  
  170  14:25  Zergling x14  
  177  14:33  Hatchery  
  177  14:34  Baneling x13  
  176  14:40  Zergling x20  
  181  14:50  Zergling x2  
  181  14:51  Zergling x12  
  184  14:58  Zergling x16  
  184  14:59  Zergling x2  
  180  15:10  Zergling x12  
  169  15:18  Roach  
  169  15:19  Zergling x6, Roach x2  
  169  15:20  Baneling x12  
  169  15:21  Baneling  
  174  15:23  Baneling  
  174  15:27  Zergling x8, Roach x2  
  180  15:32  Ravager  
  180  15:33  Baneling x4, Ravager x2  
  183  15:39  Zergling x2, Roach  
  183  15:40  Zergling x10, Roach  
  183  15:42  Hatchery  
  177  16:03  Ravager  
Show
View Real Time Build Order
Export as new Build Order

Maru Terran 

Build Orders:  

Get SALT Encoding   

  12  0:00  SCV  
  13  0:12  SCV  
  14  0:17  Supply Depot  
  14  0:24  SCV  
  15  0:39  SCV  
  15  0:41  Barracks  
  16  0:46  Refinery  
  16  0:56  Barracks  
  16  1:00  SCV  
  17  1:12  SCV  
  18  1:28  Orbital Command  
  18  1:29  Reaper  
  18  1:30  Supply Depot  
  20  1:47  Reaper  
  20  1:53  SCV  
  21  2:05  Reaper  
  21  2:06  SCV  
  23  2:12  Command Center  
  23  2:17  Refinery  
  23  2:19  SCV  
  24  2:23  Reaper  
  25  2:31  SCV  
  26  2:43  SCV  
  27  2:50  Command Center  
  26  2:55  SCV  
  27  3:03  Factory  
  27  3:04  Barracks Reactor  
  27  3:09  SCV  
  27  3:22  SCV  
  27  3:24  Orbital Command  
  28  3:34  SCV  
  29  3:39  Factory  
  29  3:46  SCV  
  30  3:51  SCV  
  30  3:52  Factory  
  30  3:53  Hellion x2  
  35  3:58  SCV  
  35  4:02  Orbital Command  
  36  4:07  SCV  
  37  4:10  Barracks Tech Lab, SCV  
  37  4:15  Hellion  
  40  4:19  SCV  
  40  4:22  Factory Tech Lab, SCV  
  42  4:25  Factory  
  42  4:27  Refinery  
  42  4:29  SCV  
  44  4:31  SCV  
  46  4:39  Cyclone  
  46  4:40  Cyclone  
  46  4:42  Hellion  
  46  4:43  SCV  
  46  4:45  SCV, Supply Depot  
  52  4:46  Hurricane Engines  
  52  4:48  SCV  
  53  4:54  Cyclone  
  53  4:55  SCV  
  53  4:56  Supply Depot  
  53  4:58  SCV  
  57  5:00  SCV  
  57  5:02  Refinery  
  57  5:06  Cyclone  
  60  5:08  SCV  
  60  5:10  Orbital Command  
  60  5:11  Hellion  
  60  5:12  SCV  
  64  5:15  Supply Depot  
  64  5:20  SCV  
  65  5:22  Hellion  
  65  5:23  Hellion  
  65  5:26  SCV  
  70  5:30  Supply Depot  
  70  5:32  SCV  
  70  5:33  Cyclone  
  70  5:34  Cyclone  
  75  5:36  SCV  
  75  5:38  SCV  
  77  5:44  Cyclone  
  77  5:45  Cyclone  
  77  5:48  SCV x2  
  83  5:51  Cyclone  
  83  5:56  SCV  
  86  6:01  SCV  
  87  6:05  Cyclone, Supply Depot  
  87  6:06  Cyclone  
  87  6:09  SCV  
  92  6:12  SCV  
  93  6:27  Cyclone x2, SCV x3, Supply Depot x2  
  93  6:29  Infernal Pre-Igniter  
  100  6:33  Cyclone  
  100  6:38  Hellion  
  100  6:39  SCV x3  
  101  6:49  Hellion  
  101  6:51  SCV x2  
  101  6:52  SCV  
  105  6:59  Cyclone x2, Hellion  
  111  7:03  SCV x2  
  111  7:04  SCV  
  111  7:05  Cyclone  
  104  7:12  Hellion  
  102  7:15  SCV x2  
  102  7:16  SCV  
  102  7:20  Hellion  
  105  7:24  Factory  
  105  7:27  SCV x2  
  105  7:29  SCV  
  108  7:31  Hellion  
  108  7:32  Hellion  
  108  7:33  Hellion  
  112  7:37  Cyclone  
  112  7:40  Supply Depot, SCV  
  112  7:42  Hellion, Armory x2  
  117  7:51  Supply Depot  
  117  7:52  Supply Depot  
  117  7:57  Hellion x3  
  114  8:00  SCV  
  114  8:02  Supply Depot  
  114  8:03  Hellion  
  117  8:06  SCV  
  117  8:08  Refinery x2  
  117  8:10  Cyclone, Command Center  
  117  8:12  Cyclone  
  116  8:20  Hellion  
  116  8:23  Hellion x2  
  116  8:25  Hellion  
  116  8:27  SCV  
  114  8:34  SCV  
  114  8:35  SCV  
  114  8:39  SCV  
  115  8:41  Hellion  
  115  8:45  Hellion, Cyclone  
  115  8:46  Terran Vehicle Weapons Level 1, Terran Vehicle And Ship Armor Level 1, SCV  
  115  8:47  SCV  
  127  8:51  SCV  
  126  9:02  Factory Tech Lab x2  
  122  9:04  SCV  
  122  9:06  Siege Tank, Factory, SCV  
  127  9:12  Hellion  
  127  9:14  Factory Reactor  
  127  9:15  SCV  
  127  9:16  Factory x2  
  127  9:17  SCV  
  125  9:23  Siege Tank x2, Hellion  
  133  9:24  SCV  
  133  9:27  SCV  
  135  9:31  Supply Depot  
  135  9:32  Supply Depot  
  135  9:34  Hellion  
  137  9:38  Siege Tank  
  137  9:45  Hellion, Supply Depot  
  142  9:46  Supply Depot  
  142  9:51  Siege Tank  
  142  9:52  Hellion x2  
  149  9:55  Siege Tank x2  
  155  10:04  Factory Tech Lab, Factory Reactor  
  147  10:09  Orbital Command  
  147  10:10  Siege Tank  
  147  10:12  SCV x2, Engineering Bay  
  147  10:13  SCV  
  129  10:19  Hellion  
  131  10:22  Hellion  
  131  10:24  Siege Tank, SCV  
  131  10:27  Siege Tank x2  
  143  10:35  Siege Tank, Hellion  
  150  10:36  Hellion  
  150  10:37  SCV x2  
  150  10:38  SCV x2  
  150  10:40  Cyclone  
  150  10:41  Cyclone x2  
  156  10:43  Siege Tank  
  156  10:46  Refinery  
  156  10:47  Terran Vehicle Weapons Level 2, Refinery  
  156  10:49  Sensor Tower  
  159  10:50  Terran Vehicle And Ship Armor Level 2  
  159  10:55  Cyclone  
  159  10:56  Cyclone  
  163  10:59  Hellion x2  
  167  11:08  Cyclone x2  
  165  11:20  Command Center  
  165  11:21  Cyclone x4  
  165  11:22  Siege Tank  
  176  11:26  Supply Depot  
  176  11:31  Missile Turret  
  176  11:33  Cyclone  
  176  11:34  Cyclone x2  
  182  11:45  Hellion, Cyclone x2  
  188  11:53  Cyclone  
  188  11:54  Hellion  
  182  11:56  Cyclone  
  182  11:57  Hellion, SCV  
  182  11:58  SCV x2  
  182  11:59  SCV  
  175  12:08  Hellion, Cyclone  
  179  12:09  SCV  
  179  12:10  SCV x2  
  179  12:11  SCV  
  161  12:19  Hellion, Cyclone x2  
  161  12:21  SCV  
  159  12:22  SCV  
  159  12:23  SCV x2  
  159  12:29  Cyclone x3  
  157  12:36  Cyclone x2  
  157  12:37  Hellion  
  163  12:40  SCV x2  
  163  12:41  SCV  
  163  12:43  Cyclone  
  168  12:47  Cyclone  
  161  12:52  SCV  
  161  12:53  SCV x3  
  145  13:04  SCV  
  145  13:05  SCV x3  
  146  13:09  Cyclone  
  146  13:11  Planetary Fortress  
  148  13:16  SCV  
  148  13:17  SCV x3  
  152  13:21  Siege Tank  
  152  13:28  SCV  
  152  13:29  SCV x3  
  157  13:34  Cyclone  
  157  13:35  Cyclone  
  157  13:36  Hellion x2  
  145  13:42  Siege Tank  
  145  13:43  Hellbat  
  145  13:45  Cyclone  
  145  13:46  SCV  
  131  13:49  Cyclone  
  131  13:50  SCV  
  131  13:51  Cyclone  
  131  13:53  SCV  
  131  13:55  SCV  
  132  13:58  SCV  
  132  13:59  Siege Tank  
  124  14:03  SCV  
  124  14:05  SCV  
  124  14:07  Cyclone, SCV  
  123  14:10  SCV  
  123  14:15  Siege Tank  
  116  14:17  Siege Tank, Hellbat  
  116  14:20  Cyclone x2  
  116  14:23  Hellion  
  127  14:29  Cyclone x3  
  133  14:36  Siege Tank  
  136  14:47  Siege Tank  
  136  14:49  Siege Tank, Hellbat x2  
  136  14:50  Hellbat  
  145  14:55  Cyclone  
  145  14:56  Hellbat  
  149  15:00  Supply Depot  
  149  15:01  Siege Tank  
  149  15:05  Cyclone x2  
  149  15:08  Cyclone  
  149  15:10  Cyclone x2  
  149  15:11  Hellion  
  135  15:17  Cyclone  
  135  15:19  Cyclone  
  137  15:24  Cyclone  
  137  15:27  Hellion  
  139  15:32  Cyclone  
  139  15:33  Cyclone  
  143  15:37  Hellion  

Tags
 
Add a new tag
Caveats
  • Supply blocks, unpowered buildings, or Contaminate may cause inaccurate times.
  • Supply counts are checked every 10 seconds.